Map: Thunderbird LE

Players

ShoWTimE - Winner!

  • Race: Protoss Protoss
  • Spawn Location: 5:00

iGiAsonu

  • Race: Zerg Zerg
  • Spawn Location: 11:00

Event: NationWars 2019

VOD

Have the link to the VOD?

Description

Time

  • Played on: Nov. 13, 2019, 3:55 p.m.
  • Length: 15:07
Show
View Real Time Build Order
Export as new Build Order

ShoWTimE Protoss - Winner!

Build Orders: 1 Gate Expand, Oracle Opening, Phoenix Opening, Archon Immortal 

Get SALT Encoding   

  12  0:00  Probe  
  13  0:12  Probe  
  14  0:17  Pylon  
  14  0:25  Probe (Chrono Boost)  
  15  0:37  Probe (Chrono Boost)  
  15  0:40  Gateway  
  16  0:46  Probe (Chrono Boost), Assimilator  
  17  0:51  Probe  
  18  1:03  Probe  
  19  1:15  Probe  
  20  1:24  Nexus  
  20  1:27  Probe  
  21  1:36  Cybernetics Core  
  21  1:42  Assimilator  
  21  1:45  Probe  
  22  1:52  Pylon  
  22  1:57  Probe  
  23  2:10  Adept (Chrono Boost), Probe  
  23  2:14  Stargate  
  26  2:22  Probe, Warp Gate  
  27  2:30  Adept (Chrono Boost)  
  27  2:36  Probe (Chrono Boost)  
  31  2:39  Probe (Chrono Boost)  
  32  2:45  Probe (Chrono Boost)  
  32  2:48  Probe (Chrono Boost)  
  32  2:50  Probe (Chrono Boost)  
  33  2:52  Adept  
  33  2:58  Oracle (Chrono Boost), Probe  
  37  3:02  Probe  
  41  3:10  Probe  
  42  3:13  Pylon  
  42  3:14  Probe  
  43  3:22  Probe  
  43  3:27  Probe, Assimilator  
  45  3:29  Assimilator  
  45  3:31  Phoenix (Chrono Boost)  
  47  3:34  Probe  
  47  3:39  Gateway  
  48  3:42  Probe  
  48  3:47  Probe  
  50  3:49  Pylon  
  50  3:53  Oracle (Chrono Boost)  
  50  3:54  Probe  
  54  4:04  Robotics Facility  
  54  4:07  Probe x2  
  56  4:13  Pylon  
  56  4:17  Gateway  
  56  4:19  Probe x2  
  58  4:25  Oracle (Chrono Boost)  
  58  4:31  Probe  
  63  4:38  Nexus  
  62  4:41  Pylon  
  62  4:42  Sentry  
  62  4:44  Probe  
  65  4:47  Sentry  
  65  4:48  Probe  
  68  4:54  Observer (Chrono Boost)  
  68  4:56  Probe  
  70  5:00  Probe  
  70  5:03  Pylon  
  71  5:08  Probe  
  71  5:11  Sentry x2  
  71  5:13  Probe  
  77  5:15  Pylon  
  77  5:19  Immortal (Chrono Boost)  
  77  5:20  Probe  
  82  5:25  Probe  
  83  5:32  Probe  
  83  5:35  Forge  
  84  5:37  Probe, Twilight Council  
  84  5:42  Zealot x3  
  91  5:44  Probe  
  91  5:45  Pylon  
  91  5:49  Probe  
  93  5:51  Probe  
  93  5:55  Immortal (Chrono Boost)  
  93  5:56  Probe  
  95  6:00  Pylon  
  95  6:03  Assimilator  
  99  6:05  Probe x2  
  99  6:07  Assimilator  
  99  6:08  Probe  
  99  6:10  Protoss Ground Weapons Level 1 (Chrono Boost)  
  102  6:15  Charge (Chrono Boost)  
  102  6:18  Probe  
  102  6:23  Gateway  
  102  6:25  Gateway  
  103  6:26  Gateway  
  103  6:28  Gateway  
  103  6:30  Probe  
  103  6:31  Probe  
  105  6:35  Probe  
  103  6:43  Templar Archives  
  103  6:46  Gateway  
  103  6:47  Observer (Chrono Boost)  
  103  6:48  Pylon  
  104  6:58  Pylon, Photon Cannon  
  104  7:03  Warp Prism  
  106  7:09  Zealot x3  
  106  7:12  Shield Battery  
  106  7:13  Shield Battery  
  112  7:19  Observer  
  112  7:22  Shield Battery  
  112  7:24  Shield Battery  
  112  7:27  Photon Cannon  
  112  7:29  High Templar x2  
  116  7:30  High Templar x2  
  116  7:35  Archon x2  
  116  7:37  Immortal (Chrono Boost)  
  124  7:47  Pylon  
  124  7:50  Pylon  
  122  7:53  Gateway  
  122  7:54  Protoss Ground Weapons Level 2 (Chrono Boost)  
  122  7:56  Gateway  
  122  7:58  High Templar x4  
  122  8:02  Archon x2  
  130  8:09  Immortal (Chrono Boost)  
  130  8:11  Nexus  
  134  8:13  Pylon  
  134  8:17  Stalker x2  
  138  8:26  Stalker  
  140  8:27  Stalker  
  140  8:28  Pylon  
  140  8:31  Zealot x4  
  144  8:42  Immortal (Chrono Boost)  
  144  8:43  Pylon  
  144  8:45  Pylon  
  142  8:50  Zealot x6  
  153  8:57  Zealot x2  
  157  9:07  Pylon  
  157  9:09  Pylon, High Templar x2  
  161  9:10  High Templar x2  
  161  9:11  High Templar  
  161  9:12  Nexus  
  161  9:15  Pylon  
  161  9:16  Archon x2  
  167  9:19  Pylon, High Templar  
  169  9:26  Archon  
  169  9:28  Probe  
  169  9:29  Probe x2  
  172  9:40  Probe  
  172  9:41  Pylon, Probe  
  174  9:46  Zealot x8  
  174  9:47  Zealot  
  192  10:00  Photon Cannon  
  192  10:02  Photon Cannon  
  192  10:03  Photon Cannon  
  192  10:06  High Templar  
  192  10:07  High Templar  
  192  10:11  Archon  
  192  10:12  Zealot x6  
  190  10:19  Probe x2  
  190  10:20  Probe  
  193  10:22  Assimilator  
  193  10:26  Assimilator  
  193  10:31  Probe x2  
  193  10:34  Zealot x2  
  199  10:40  Protoss Ground Weapons Level 3 (Chrono Boost)  
  199  10:44  Blink (Chrono Boost)  
  199  10:55  Photon Cannon  
  199  10:57  Photon Cannon  
  199  10:59  Photon Cannon  
  199  11:06  Dark Shrine  
  199  11:07  Observer (Chrono Boost), Gateway  
  199  11:10  Gateway  
  192  11:23  High Templar x2  
  192  11:24  High Templar x2, Zealot  
  200  11:28  Archon x2  
  200  11:30  Zealot x3  
  188  11:42  Zealot x2  
  188  11:44  Immortal  
  186  11:48  Zealot  
  186  11:53  Stalker x3  
  176  12:02  Zealot x6  
  176  12:15  Zealot  
  176  12:19  Zealot x3  
  182  12:23  Immortal  
  174  12:32  Zealot x6  
  186  12:43  Dark Templar  
  188  12:48  Nexus  
  188  12:50  Pylon  
  186  12:54  Psionic Storm, Dark Templar x7  
  200  12:58  Photon Cannon  
  200  12:59  Archon x3  
  200  13:00  Photon Cannon  
  200  13:06  Pylon  
  198  13:16  Zealot x2  
  200  13:26  Photon Cannon  
  198  13:36  High Templar  
  198  13:39  Photon Cannon  
  198  13:41  Photon Cannon  
  200  13:43  Photon Cannon  
  200  13:44  High Templar x3  
  198  13:55  Photon Cannon  
  186  13:56  Photon Cannon  
  186  13:59  Photon Cannon  
  186  14:00  High Templar x2  
  186  14:01  High Templar x2  
  186  14:02  Zealot x2  
  198  14:03  Assimilator  
  198  14:05  Archon x2  
  198  14:06  Assimilator  
  188  14:26  Stalker x4  
  188  14:27  Stalker x2  
  186  14:36  Stalker x4  
  182  14:40  Archon  
  182  14:41  Stalker x2  
  168  14:54  Stalker x6  
Show
View Real Time Build Order
Export as new Build Order

iGiAsonu Zerg 

Build Orders: Hatch First, Swarm Host 

Get SALT Encoding   

  12  0:01  Drone  
  13  0:13  Overlord  
  13  0:17  Drone  
  14  0:31  Drone x2  
  16  0:49  Hatchery  
  15  0:52  Drone  
  15  0:55  Drone  
  17  0:59  Drone  
  18  1:10  Extractor  
  17  1:12  Drone  
  17  1:18  Spawning Pool  
  17  1:22  Drone  
  18  1:40  Hatchery  
  18  1:43  Drone  
  19  1:47  Drone  
  19  1:52  Drone  
  20  2:08  Queen x2  
  22  2:15  Overlord  
  24  2:23  Drone x2  
  24  2:25  Drone  
  24  2:29  Drone  
  28  2:35  Metabolic Boost  
  28  2:37  Zergling x2  
  28  2:38  Zergling x2  
  30  2:46  Queen  
  32  2:52  Drone  
  32  2:55  Queen  
  35  2:59  Zergling x2  
  35  3:01  Zergling x2  
  35  3:03  Zergling x2  
  38  3:10  Drone  
  38  3:12  Drone x2  
  41  3:14  Overlord  
  41  3:21  Drone  
  42  3:30  Pneumatized Carapace  
  42  3:32  Queen  
  44  3:34  Drone x4  
  48  3:44  Spore Crawler  
  48  3:45  Overlord  
  48  3:46  Drone  
  48  3:47  Drone  
  49  3:50  Spore Crawler  
  49  3:52  Drone x2  
  50  3:56  Spore Crawler  
  49  4:03  Drone x3  
  49  4:04  Drone x2  
  49  4:07  Drone x2  
  56  4:18  Overlord  
  56  4:19  Overlord  
  56  4:22  Overlord  
  56  4:37  Drone  
  56  4:38  Drone x9  
  66  4:41  Drone x2  
  68  4:48  Drone x4  
  68  4:49  Drone x2  
  74  4:58  Overlord  
  74  5:00  Lair, Extractor  
  74  5:01  Roach Warren  
  74  5:02  Extractor  
  74  5:05  Extractor x2  
  74  5:06  Drone x5  
  74  5:10  Overlord  
  74  5:18  Drone x8  
  74  5:20  Spore Crawler  
  81  5:28  Drone  
  82  5:29  Drone x2  
  84  5:36  Extractor  
  84  5:39  Overlord  
  83  5:46  Queen  
  83  5:48  Roach x2  
  89  5:50  Overlord  
  89  5:52  Overlord  
  89  5:59  Roach  
  89  6:00  Roach x3  
  89  6:01  Overlord  
  97  6:07  Glial Reconstitution  
  97  6:10  Infestation Pit  
  92  6:13  Hatchery  
  92  6:16  Drone x6  
  92  6:17  Roach  
  92  6:18  Roach x4  
  105  6:22  Overlord  
  105  6:31  Ravager x6  
  105  6:32  Zergling x4  
  113  6:40  Overlord  
  113  6:43  Overlord  
  113  6:47  Overseer  
  113  6:52  Overlord  
  113  7:01  Swarm Host x6  
  113  7:03  Overlord  
  113  7:06  Swarm Host  
  134  7:11  Swarm Host  
  134  7:14  Overlord  
  137  7:20  Overlord  
  137  7:22  Overlord x2  
  137  7:23  Zergling x6  
  137  7:24  Zergling x10, Nydus Network  
  137  7:26  Swarm Host  
  147  7:33  Roach x4  
  155  7:37  Swarm Host  
  158  7:47  Swarm Host x3  
  167  7:56  Roach x5  
  177  8:00  Nydus Canal  
  177  8:19  Roach x3  
  182  8:31  Overlord x3  
  182  8:35  Evolution Chamber  
  174  8:52  Nydus Canal  
  173  8:56  Roach x5  
  173  8:59  Overlord  
  173  9:00  Zerg Missile Weapons Level 1  
  181  9:04  Hydralisk Den  
  181  9:06  Overlord x4  
  180  9:13  Overlord x3  
  180  9:16  Extractor  
  179  9:21  Roach x2  
  179  9:22  Extractor  
  182  9:26  Roach x9  
  200  9:39  Lurker Den  
  198  9:48  Nydus Canal  
  198  9:52  Roach x2  
  194  10:01  Lurker Den  
  194  10:02  Roach x4  
  195  10:07  Drone x4  
  195  10:11  Hydralisk Den  
  195  10:13  Nydus Canal  
  193  10:19  Roach  
  193  10:20  Roach x3  
  197  10:29  Nydus Canal  
  197  10:34  Nydus Canal  
  195  10:45  Nydus Canal  
  195  10:47  Ravager x5  
  200  10:52  Hive, Grooved Spines  
  200  10:54  Spire  
  200  10:56  Drone  
  200  11:01  Nydus Canal  
  200  11:13  Overseer  
  183  11:25  Roach  
  183  11:30  Roach x10  
  183  11:31  Roach  
  197  11:34  Roach  
  197  11:37  Roach  
  197  11:38  Nydus Canal  
  198  11:42  Roach x4  
  177  11:49  Roach x2  
  177  11:53  Roach x2  
  164  11:55  Roach  
  164  11:58  Nydus Canal  
  164  11:59  Roach  
  153  12:03  Muscular Augments  
  153  12:07  Roach x3  
  153  12:08  Roach  
  150  12:12  Nydus Canal  
  144  12:16  Roach x2  
  139  12:28  Roach x5  
  131  12:36  Roach x3  
  129  12:38  Queen x4  
  129  12:40  Greater Spire  
  137  12:54  Nydus Canal  
  137  12:55  Roach x6  
  146  13:04  Nydus Canal  
  146  13:09  Corruptor x6  
  156  13:14  Queen x2  
  154  13:29  Ravager  
  155  13:35  Roach x10  
  155  13:36  Nydus Canal  
  163  13:50  Overlord  
  135  13:56  Brood Lord x6  
  147  14:07  Roach  
  147  14:08  Roach x7  
  161  14:13  Zergling x10, Roach  
  160  14:19  Roach x3  
  152  14:31  Roach x3  
  125  14:39  Roach x5  
  125  14:40  Roach  
Tags
 
Add a new tag
Caveats
  • Supply blocks, unpowered buildings, or Contaminate may cause inaccurate times.
  • Supply counts are checked every 10 seconds.